 Dungeon Crawl Stone Soup version 0.24.1-1-gd1d2a07e1b (webtiles) character file.

Game seed: 11309334643521899051, levelgen mode: deterministic

1509 Curus the Cleaver (level 8, 0/64 HPs)
             Began as a Minotaur Fighter on Apr 10, 2020.
             Slain by an orc warrior
             ... wielding a +0 long sword
              (20 damage)
             ... on level 6 of the Dungeon.
             The game lasted 00:32:19 (4163 turns).

Curus the Cleaver (Minotaur Fighter)                Turns: 4163, Time: 00:32:19

Health: 0/64       AC: 11    Str: 25    XL:     8   Next: 53%
Magic:  7/7        EV:  8    Int:  7    God:
Gold:   151        SH:  5    Dex: 14    Spells: 7/7 levels left

rFire    . . .     SeeInvis .   a - +2 war axe
rCold    . . .     Gourm    .   g - +0 buckler
rNeg     . . .     Faith    .   n - +0 chain mail
rPois    .         Spirit   .   (helmet restricted)
rElec    .         Reflect  .   m - +1 cloak
rCorr    +         Harm     .   (no gloves)
MR       .....                  (no boots)
Stlth    ..........             (no amulet)
HPRegen  0.20/turn              e - +3 ring of dexterity
MPRegen  0.10/turn              k - ring of resist corrosion

@: mighty
A: retaliatory headbutt, horns 2
a: no special abilities


You were on level 6 of the Dungeon.
You were not hungry.

You visited 1 branch of the dungeon, and saw 6 of its levels.

You collected 222 gold pieces.
You spent 71 gold pieces at shops.

Inventory:

Hand Weapons
 a - a +2 war axe (weapon)
Armour
 b - a +0 scale mail
 c - a +0 shield
 g - a +0 buckler (worn)
 m - a +1 cloak (worn)
 n - a +0 chain mail (worn)
Jewellery
 e - a +3 ring of dexterity (left hand)
 k - a ring of resist corrosion (right hand)
 q - a cursed ring of attention
Scrolls
 h - 5 scrolls of identify
 i - 2 scrolls of magic mapping
 j - 5 scrolls of remove curse
 o - 3 scrolls of teleportation
Potions
 d - a potion of might
 l - 4 potions of curing
 p - a potion of degeneration
Comestibles
 f - 8 rations
 r - 4 chunks of flesh


   Skills:
 - Level 3.6 Fighting
 + Level 12.6 Axes
 - Level 3.6 Armour
 - Level 3.6 Shields


You had 7 spell levels left.
You didn't know any spells.
Your spell library contained the following spells:

 Spells                   Type           Power        Failure   Level  Hunger
 Confusing Touch          Hex            #.....       97%         1    ##.....
 Summon Small Mammal      Summ           #...         97%         1    ##.....
 Confuse                  Hex            #.......     100%        3    ####...
 Gell's Gravitas          Tloc           #.........   100%        3    ####...
 Petrify                  Tmut/Erth      #.......     100%        4    #####..
 Metabolic Englaciation   Hex/Ice        #.........   100%        5    ######.
 Yara's Violent Unravell  Hex/Tmut       #.........   100%        5    ######.


Dungeon Overview and Level Annotations

Branches:
Dungeon (6/15)
 Temple: D:4-7

Altars:
Ashenzari
Dithmenos
Hepliaklqana
Kikubaaqudgha
Sif Muna
Vehumet

Shops:
D:5 }   D:6 =*


Innate Abilities, Weirdness & Mutations

You reflexively headbutt those who attack you in melee.
You have a pair of horns on your head.


Message History

Unknown command.
Things that are here:
a +0 flail; an orc corpse You hit the orc warrior.
The orc warrior is moderately wounded.
You block the orc warrior's attack.
You hit the orc warrior. Your headbutt misses the orc warrior.
The orc warrior is moderately wounded.
You block the orc warrior's attack.
You barely miss the orc warrior.
The orc warrior is moderately wounded.
You barely miss the orc warrior.
The orc warrior is moderately wounded.
The orc warrior hits you with a +0 long sword!
You closely miss the orc warrior. You headbutt the orc warrior!
The orc warrior is heavily wounded.
The orc warrior barely misses you.
You feel very mighty all of a sudden.
The orc warrior hits you with a +0 long sword!!
You die...

#........###
.............###. #.
..........##.#.. #..
..........##.#)##..##
..........##........
..........##....#.#
#.........##......#
......o@).......#
#########...)..##
#......≈#####
#.#.....).((##
#..#...#####.(####
#..###..# ##.(...
#..# ##.. ###### ..#
+#.. #.


You could see an orc warrior.

Vanquished Creatures
  Sigmund (D:4)
  A water moccasin (D:5)
  2 sky beasts
  2 ogres
  A phantom (D:5)
  3 centaurs
  A howler monkey (D:6)
  A crimson imp (D:5)
  3 hounds
  A bullfrog skeleton (D:5)
  An orc priest (D:6)
  5 orc wizards
  3 worker ants
  3 adders (D:3)
  A shadow imp (D:5)
  3 oozes
  A dart slug (D:1)
  3 leopard geckos
  13 orcs
  2 ball pythons
  9 bats
  3 giant cockroaches
  6 goblins
  7 hobgoblins
  8 jackals
  3 quokkas
  A ball python zombie (D:5)
  2 frilled lizards
  A jackal skeleton (D:4)
  7 kobolds
  9 rats
107 creatures vanquished.

Notes
Turn   | Place    | Note
-------+----------+-------------------------------------------
     0 | D:1      | Curus the Minotaur Fighter began the quest for the Orb.
     0 | D:1      | Reached XP level 1. HP: 19/19 MP: 0/0
    24 | D:1      | Reached skill level 3 in Axes
    76 | D:1      | Reached XP level 2. HP: 26/26 MP: 1/1
   421 | D:1      | Reached skill level 4 in Axes
   706 | D:2      | Reached XP level 3. HP: 31/31 MP: 2/2
   711 | D:2      | Found an ancient bone altar of Kikubaaqudgha.
   919 | D:2      | Found a shimmering blue altar of Sif Muna.
   921 | D:2      | Found a radiant altar of Vehumet.
   925 | D:2      | Identified Sif Muna's Catalogue of Creation
  1212 | D:3      | Reached skill level 5 in Axes
  1415 | D:3      | Reached XP level 4. HP: 39/39 MP: 3/3
  2146 | D:4      | Noticed Sigmund
  2161 | D:4      | Killed Sigmund
  2161 | D:4      | Reached skill level 7 in Axes
  2161 | D:4      | Reached XP level 5. HP: 32/45 MP: 4/4
  2167 | D:4      | Reached XP level 6. HP: 30/51 MP: 5/5
  2257 | D:4      | Reached skill level 8 in Axes
  2492 | D:4      | Found a hazy altar of Hepliaklqana.
  2505 | D:4      | Found a shattered altar of Ashenzari.
  2828 | D:5      | Entered Level 5 of the Dungeon
  2828 | D:5      | Noticed a sky beast
  2839 | D:5      | Killed a sky beast
  2839 | D:5      | Reached skill level 9 in Axes
  2839 | D:5      | Reached XP level 7. HP: 47/57 MP: 6/6
  3060 | D:5      | Reached skill level 10 in Axes
  3141 | D:5      | Found a shadowy altar of Dithmenos.
  3931 | D:5      | Reached skill level 11 in Axes
  3937 | D:5      | Found Soygi's Gadget Boutique.
  3979 | D:5      | Reached XP level 8. HP: 47/64 MP: 7/7
  4012 | D:6      | Found Gaguluy's General Store.
  4036 | D:6      | Bought a potion of degeneration for 13 gold pieces
  4057 | D:6      | Found Mioni's Jewellery Boutique.
  4065 | D:6      | Bought a cursed ring of attention for 58 gold pieces
  4087 | D:6      | Reached skill level 12 in Axes
  4163 | D:6      | Slain by an orc warrior

Levels and vault maps discovered:
D:1:      minmay_arrival_plants_in_alcoves, layout_basic, lemuel_another_geyser
D:2:      layout_rooms, grunt_temple_overflow_magic_moments
D:3:      layout_basic, kennysheep_generic_room_12
D:4:      layout_basic, kennysheep_little_box, ashenzari_altar_1, uniq_sigmund
D:5:      kennysheep_spiral_hall, layout_basic,
          nicolae_dithmenos_through_a_glass_darkly, serial_shops,
          nicolae_shop_behind_doors, first_ration
D:6:      layout_rooms, tso_metal_star, serial_shops, shop, shop,
          kennysheep_mini_moat, uniq_prince_ribbit1, uniq_duvessa

Skill      XL: |  1  2  3  4  5  6  7  8 |
---------------+-------------------------+-----
Axes           | 3 4 5 7 9 11 12 | 12.6
Fighting       | |  3.6
Armour         | |  3.6
Shields        | |  3.6

Action                   |  1- 3 |  4- 6 |  7- 9 || total
-------------------------+-------+-------+-------++-------
Melee: War axe           |    88 |    88 |    96 ||   272
       Headbutt          |     7 |    23 |    22 ||    52
  Use: Scroll            |     8 |     1 |     2 ||    11
       Potion            |     4 |     1 |     1 ||     6
  Eat: Chunk             |     1 |     2 |     1 ||     4
       Ration            |       |     1 |     1 ||     2
Armor: Scale mail        |    33 |    40 |     1 ||    74
       Chain mail        |       |       |    20 ||    20
Dodge: Dodged            |    47 |    29 |    25 ||   101
Block: Shield            |     9 |       |       ||     9
       Buckler           |     8 |    15 |    19 ||    42
